 Dungeon Crawl Stone Soup version 0.31-a0-986-g5e6e4ef867 (webtiles) character file.

Game seed: 4596904824961126467

207 timneilson the Shield-Bearer (level 5, -2/33 HPs)
             Began as a Gargoyle Fighter on Nov 12, 2023.
             Slain by an ogre
             ... wielding a +0 giant spiked club
              (11 damage)
             ... on level 4 of the Dungeon.
             The game lasted 00:04:25 (3047 turns).

timneilson the Shield-Bearer (Gargoyle Fighter)     Turns: 3047, Time: 00:04:25

Health: -2/33      AC: 14    Str: 22    XL:     5   Next: 85%
Magic:  5/5        EV:  8    Int:  8    God:
Gold:   65         SH:  4    Dex:  9    Spells: 4/4 levels left

rFire   . . .        g - +2 long sword (flame)
rCold   . . .        c - +0 buckler
rNeg    + . .        f - +0 chain mail
rPois   ∞            j - +0 helmet
rElec   +            (no cloak)
rCorr   .            (no gloves)
SInv    .            (no boots)
Will    .....        (no amulet) Stlth
                     (no ring)
HPRegen 0.25/turn    (no ring)
MPRegen 0.09/turn

%: no passive effects
@: mighty
A: sickness immunity, AC +4, negative energy resistance 1, electricity
resistance, torment resistance 1, petrification resistance
a: no special abilities


You were on level 4 of the Dungeon.
You visited 1 branch of the dungeon, and saw 4 of its levels.

You collected 65 gold pieces.

Inventory:

Hand Weapons
 a - a +1 long sword
 g - a +2 long sword of flaming (weapon)
Missiles
 n - a throwing net
Armour
 c - a +0 buckler (worn)
 f - a +0 chain mail (worn)
 j - a +0 helmet (worn)
Scrolls
 m - 2 scrolls of teleportation
Potions
 b - 2 potions of berserk rage {unknown}
 d - a potion of might
 e - 2 potions of heal wounds
 h - a potion of magic
 i - a potion of invisibility {unknown}
 k - a potion of brilliance {unknown}
 l - a potion of degeneration {unknown}


   Skills:
 + Level 3.8 Fighting
 * Level 3.1 Long Blades
 * Level 4.4 Armour
 + Level 1.2 Dodging
 * Level 4.4 Shields


You had 4 spell levels left.
You didn't know any spells.
Your spell library contained the following spells:

 Spells                   Type           Power      Damage    Failure   Level
 Magic Dart               Conj           0%         1d3       97%         1
 Shock                    Conj/Air       0%         1d3       97%         1
 Summon Small Mammal      Summ           0%         N/A       97%         1
 Blink                    Tloc           0%         N/A       99%         2
 Lesser Beckoning         Tloc           0%         N/A       99%         2
 Momentum Strike          Conj/Tloc      0%         3d8       99%         2


Dungeon Overview and Level Annotations

Branches:
Dungeon (4/15)
 Temple: D:4-7

Altars:

Shops:
D:1 [


Innate Abilities, Weirdness & Mutations

You are immune to sickness and miasma.
Your stone body is resilient. (AC +4)
You are immune to poison.
You resist negative energy. (rN+)
You are resistant to electric shocks. (rElec)
You are resistant to unholy torment.
You are immune to petrification.


Message History

You see here a +0 sling.
An adder comes into view.
The adder hisses angrily.
You slash the adder!
The adder is severely wounded.
You block the adder's attack. The adder bites you but does no damage.
You closely miss the adder.
The adder is severely wounded.
The adder bites you but does no damage. x2
You miss the adder.
The adder is severely wounded.
The adder bites you but does no damage. The adder completely misses you.
You slash the adder!
You kill the adder!
Found an escape hatch in the ceiling.
Found a sling.
An endoplasm comes into view.
The endoplasm quivers.
The endoplasm moves out of view.
You see here 2 glowing grey potions.
b - 2 glowing grey potions You see here a +2 long sword of flaming.
g - a +2 long sword of flaming Your +2 long sword of flaming bursts into flame!
g - a +2 long sword of flaming (weapon)
Unknown command.
The endoplasm freezes you.
You are frozen.
You slash the endoplasm! You burn the endoplasm.
You kill the endoplasm!
An ogre comes into view. It is wielding a +0 giant spiked club.
The ogre shouts!
You feel very mighty all of a sudden.
The ogre hits you with a +0 giant spiked club!!
Ouch! That really hurt!
* * * LOW HITPOINT WARNING * * *
You hit the ogre. You burn the ogre.
The ogre is moderately wounded.
The ogre hits you with a +0 giant spiked club!
You die...

... #......####### #.#
.##
##..##.......####.##
###.........#......
###.........#......
#..##.......#...... ##
#....#..#####......
#..#....##.#####......
#...................
#.O@..####..##......
##..##.....<........
###..####..#....... ..
#..#....... ###
...#.......
.##.#....... #.
..#....... # #.# ....
..#


You could see an ogre.

Vanquished Creatures
  A scorpion (D:4)
  A jelly (D:4)
  Robin (D:2)
  4 adders
  2 dart slugs
  5 orcs (D:3)
  8 endoplasms
  4 hobgoblins
  3 jackals (D:2)
  6 ball pythons
  5 bats
  3 frilled lizards
  12 goblins
  4 kobolds
  9 rats
  A spectral goblin (D:1)
69 creatures vanquished.

Notes
Turn   | Place    | Note
-------+----------+-------------------------------------------
     0 | D:1      | timneilson the Gargoyle Fighter began the quest for the
                  | Orb.
     0 | D:1      | Reached XP level 1. HP: 14/14 MP: 1/1
   106 | D:1      | Found Riheugeu's Armour Shoppe.
   266 | D:1      | Reached XP level 2. HP: 19/19 MP: 2/2
   348 | D:1      | Found a faded altar of an unknown god.
   869 | D:2      | Identified the of Izufuzaz
   952 | D:2      | Reached XP level 3. HP: 21/23 MP: 3/3
  1376 | D:2      | Noticed Robin
  1391 | D:2      | Killed Robin
  1405 | D:2      | Reached XP level 4. HP: 10/28 MP: 4/4
  2826 | D:4      | Reached skill level 1 in Dodging
  2829 | D:4      | Noticed a scorpion
  2842 | D:4      | Killed a scorpion
  2843 | D:4      | Reached XP level 5. HP: 24/33 MP: 5/5
  3043 | D:4      | Noticed an ogre
  3047 | D:4      | Slain by an ogre

Illustrated notes

Levels and vault maps discovered:
D:1:      lemuel_arrival_river_ford, layout_loops_ring, serial_shops,
          nicolae_shop_hallway_plus, dreamdust_ecumenical_altar_drowned_temple
D:2:      kennysheep_big_flooded_room, layout_basic, uniq_robin
D:3:      layout_loops_cross
D:4:      layout_basic, nicolae_houndstooth_variations

Skill      XL: |  1  2  3  4 |
---------------+-------------+-----
Long Blades    | 2 3 |  3.1
Shields        | 4 |  4.4
Armour         | 4 |  4.4
Dodging        | 1 |  1.2
Fighting       | |  3.8

Action                     |  1- 3 |  4- 6 || total
---------------------------+-------+-------++-------
  Melee: Long sword        |   128 |   124 ||   252
    Use: Scroll            |     4 |     4 ||     8
         Potion            |       |     1 ||     1
 Armour: Scale mail        |    57 |       ||    57
         Chain mail        |    54 |    86 ||   140
  Dodge: Dodged            |    76 |    47 ||   123
  Block: Buckler           |    37 |    25 ||    62

Table legend: (Time is in decaauts)
 A = Elapsed time spent in this place.
 B = Non-inter-level travel time spent in this place.
 C = Inter-level travel time spent in this place.
 D = Time resting spent in this place.
 E = Time spent auto-exploring this place.
 F = Levels seen in this place.
 G = Mean time per level.
                   A        B        C        D        E       F      G
               +--------+--------+--------+--------+--------+-----+--------+
         Total |   3133 |   3069 |     64 |     10 |   2377 |   4 |  783.2 |
       Dungeon |   3133 |   3069 |     64 |     10 |   2377 |   4 |  783.2 |
               +--------+--------+--------+--------+--------+-----+--------+

Top non-repeatable levels by time:
     D:2: 1278 daAuts
     D:1: 896 daAuts
     D:3: 711 daAuts
     D:4: 246 daAuts
